cohdb
Replays
Latest Replays
All Replays
Popular Replays
Top Player Replays
Match Explorer
How It Works
Community
CoH3 Stats
Reddit
Sign in to upload your games and track your stats! →
Sign in with Steam
Match 45679054
Unlisted
Match 45679054
Overview
Messages
Build Orders
End
Construct Infanterie Kompanie
Grenadier Squad
MG 42 Machine Gun Team
MG 42 Machine Gun Team
GrW 34 Mortar Team
Construct Luftwaffe Kompanie
Jäger Squad
Jäger Squad
Jesulin
Task Force X
Seocheon
CalmDownJustAGame
0
0
Comments
sign in to comment!
No comments posted yet!